 Dungeon Crawl Stone Soup version 0.29-a0-838-g385bb11a5b (webtiles) character file.

Game seed: 16569054206228239919

380 ytrimaz the Chopper (level 6, -5/70 HPs)
             Began as a Demonspawn Berserker on July 14, 2022.
             Was a Priest of Trog.
             Slain by an iguana (7 damage)
             ... on level 5 of the Dungeon.
             The game lasted 00:04:22 (3875 turns).

ytrimaz the Chopper (Demonspawn Berserker)          Turns: 3875, Time: 00:04:22

Health: -5/70      AC: 23    Str: 25    XL:     6   Next: 46%
Magic:  6/6        EV:  2    Int:  9    God:    Trog [***...]
Gold:   238        SH:  4    Dex: 12    Spells: 5/5 levels left

rFire   . . .      SeeInvis .   a - +0 hand axe
rCold   . . .      Faith    .   d - +0 buckler
rNeg    . . .      Spirit   .   (body armour currently unavailable)
rPois   +          Reflect  .   (helmet currently unavailable)
rElec   .          Harm     .   (cloak currently unavailable)
rCorr   .          Rampage  .   (gloves currently unavailable)
Will    .....      NoTele   +   (boots currently unavailable)
Stlth   +.........              (no amulet)
HPRegen 0.21/turn               k - ring of poison resistance
MPRegen 0.10/turn               i - +6 ring of strength

@: tree-form, weak-willed, on berserk cooldown, attractive, studying Axes
A: stationary, stasis, torment immunity, boosted hp, (large bone plates 1),
ignite blood 1, powered by pain 1, (weakness stinger 2)
a: Renounce Religion, Berserk, Trog's Hand


You were on level 5 of the Dungeon.
You worshipped Trog.
Trog was most pleased with you.
You were a tree.
You visited 1 branch of the dungeon, and saw 5 of its levels.

You collected 238 gold pieces.

Inventory:

Hand Weapons
 a - a +0 hand axe (weapon)
 o - a +0 war axe
Armour
 c - a +1 plate armour (melded)
 d - a +0 buckler (worn)
 f - a +1 helmet (melded)
 p - a +0 pair of gloves (melded)
 s - a +0 cloak
Jewellery
 i - a +6 ring of strength (right branch)
 k - a ring of poison resistance (left branch)
Wands
 h - a wand of charming (12)
 n - a wand of flame (28)
Scrolls
 j - a scroll of enchant armour
Potions
 b - 2 potions of curing
 l - a potion of resistance {unknown}
 m - a potion of might {unknown}
 q - a potion of invisibility {unknown}
 t - a potion of flight {unknown}
 u - a potion of heal wounds {unknown}


   Skills:
 - Level 3.0 Fighting
 + Level 7.0 Axes
 - Level 1.7 Armour
 - Level 1.7 Dodging
 * Level 2.9 Shields


You had 5 spell levels left.
You didn't know any spells.
Your spell library was empty.

Dungeon Overview and Level Annotations

Branches:
Dungeon (5/15)
 Temple: D:4-7

Altars:
Okawaru
Trog
Xom


Innate Abilities, Weirdness & Mutations

You are a tree.
Your roots penetrate the ground, keeping you stationary.
You cannot be teleported.
You are immune to unholy pain and torment.
Your maximum health is greatly increased.
Your equipment is partially melded.
((You are partially covered in large bone plates. (SH +4)))
Your demonic aura sometimes causes spilled blood to erupt in flames.
You sometimes gain a little power by taking damage.
((You have a tail ending in a sharp stinger.))


Message History

An iguana is nearby!
An ogre comes into view. It is wielding a +0 giant spiked club.
The ogre shouts!
You see here a cyan potion.
u - a cyan potion The iguana bites you. x2
You hit the iguana but do no damage.
You tail-slap the iguana, but do no damage.
You block the iguana's attack.
You hit the iguana.
The iguana is moderately wounded.
You block the iguana's attack. You block the ogre's attack.
The iguana bites you but does no damage.
Unknown command.
The ogre attacks as you move away!
The ogre hits you with a +0 giant spiked club!
The ogre attacks as you move away! You block the ogre's attack.
As you read the scroll labelled OSUEJ VAGID SESM, it crumbles to dust.
Magic quickly surges around you.
It was a scroll of vulnerability.
The ogre barely misses you.
Unknown command.
You feel better.
The iguana bites you but does no damage.
The ogre hits you with a +0 giant spiked club!!
A scorpion comes into view.
The iguana bites you.
It was a potion of lignification.
You turn into a tree.
Your +1 helmet melds into your body.
Your +0 pair of gloves melds into your body.
Your +1 plate armour melds into your body.
Your roots penetrate the ground.
The ogre hits you with a +0 giant spiked club!!
* * * LOW HITPOINT WARNING * * *
The iguana bites you.
* * * LOW HITPOINT WARNING * * *
Unknown command.
It was a potion of attraction.
You feel attractive to monsters.
You feel yourself speed up. You block the ogre's attack. The iguana bites you!
You die...

........#..##...###########
........# ##....#...##...##
$.......# #...#..#......#.#
#.........
#..#....#....#..#
#.........
#.#......#..#...#
......#.........##....#
......############....#
.......#########..)#..#
#......O♣...#..#.#.#
##.....l........#..#
#.##.............## #.
#.............# #
#...s....###### ##........#
#...........# #...........#
#...........#


You could see an ogre (weak-willed), a scorpion and an iguana (weak-willed).

Vanquished Creatures
  An ogre (D:5)
  A phantom (D:5)
  Crazy Yiuf (D:4)
  A hound (D:5)
  Robin (D:2)
  A gnoll (D:3)
  4 adders
  A shadow imp (D:3)
  4 worms
  2 dart slugs
  6 orcs (D:4)
  3 bats
  6 endoplasms
  4 giant cockroaches
  4 hobgoblins
  5 quokkas
  7 ball pythons
  3 frilled lizards
  17 goblins
  6 kobolds
  6 rats
84 creatures vanquished.

Notes
Turn   | Place    | Note
-------+----------+-------------------------------------------
     0 | D:1      | ytrimaz the Demonspawn Berserker began the quest for the
                  | Orb.
     0 | D:1      | Reached XP level 1. HP: 18/18 MP: 1/1
   338 | D:1      | Reached skill level 3 in Axes
   435 | D:1      | Gained mutation: You sometimes gain a little power by
                  | taking damage. [demonic ancestry]
   435 | D:1      | Reached XP level 2. HP: 23/24 MP: 2/2
   544 | D:1      | Found a faded altar of an unknown god.
   799 | D:1      | Reached ** piety under Trog
   995 | D:2      | Noticed Robin
   999 | D:2      | Gained mutation: You are partially covered in large bone
                  | plates. (SH +4) [demonic ancestry]
   999 | D:2      | Reached XP level 3. HP: 26/29 MP: 3/3
  1013 | D:2      | Killed Robin
  1014 | D:2      | Reached skill level 4 in Axes
  1529 | D:2      | Gained mutation: Your demonic aura sometimes causes spilled
                  | blood to erupt in flames. [demonic ancestry]
  1529 | D:2      | Reached XP level 4. HP: 35/35 MP: 4/4
  1848 | D:2      | Identified a scroll of acquirement
  1848 | D:2      | Acquired a manual of Axes
  2345 | D:3      | Found a shimmering altar of Xom.
  2581 | D:3      | Found an iron altar of Okawaru.
  2582 | D:3      | Found a bloodstained altar of Trog.
  2596 | D:3      | Reached skill level 5 in Axes
  2596 | D:3      | Reached skill level 1 in Shields
  3267 | D:4      | Gained mutation: You have a small tail. [demonic ancestry]
  3267 | D:4      | Reached XP level 5. HP: 41/41 MP: 5/5
  3270 | D:4      | Reached *** piety under Trog
  3451 | D:4      | Found a runed translucent door.
  3452 | D:4      | Noticed Crazy Yiuf
  3614 | D:4      | Killed Crazy Yiuf
  3684 | D:5      | Entered Level 5 of the Dungeon
  3706 | D:5      | Noticed a phantom
  3737 | D:5      | Killed a phantom
  3738 | D:5      | Reached skill level 6 in Axes
  3738 | D:5      | Gained mutation: You have a tail ending in a sharp stinger.
                  | [demonic ancestry]
  3738 | D:5      | Reached XP level 6. HP: 41/47 MP: 6/6
  3847 | D:5      | Reached skill level 7 in Axes
  3874 | D:5      | HP: 3/70 [ogre/+0 giant spiked club (24)]
  3875 | D:5      | Slain by an iguana

Illustrated notes

Levels and vault maps discovered:
D:1:      lemuel_arrival_river_bridge, layout_basic,
          hellmonk_ecumenical_altar_zigzags
D:2:      layout_basic, minmay_goblin_kobold_house, uniq_robin
D:3:      layout_loops_ring, grunt_temple_overflow_bloody_war,
          general_overflow_altar
D:4:      layout_basic, uniq_crazy_yiuf_cottage
D:5:      layout_basic, minmay_temple_entry_poolview,
          corexii_item_surrounded_by_moat, hangedman_decor_slide_cut,
          kennysheep_windowed_goal

Skill      XL: |  1  2  3  4  5  6 |
---------------+-------------------+-----
Axes           | 3 4 5 6 7 |  7.0
Shields        | 1 2 |  2.9
Fighting       | |  3.0
Armour         | |  1.7
Dodging        | |  1.7

Action                   |  1- 3 |  4- 6 || total
-------------------------+-------+-------++-------
Melee: Hand axe          |   104 |   177 ||   281
       Tailslap          |       |    10 ||    10
Invok: Berserk           |     1 |     2 ||     3
       Trog's Hand       |       |     1 ||     1
  Use: Scroll            |     2 |     4 ||     6
       Potion            |       |     3 ||     3
Armor: Plate armour      |    83 |   100 ||   183
Dodge: Dodged            |    30 |    33 ||    63
Block: Buckler           |     7 |    57 ||    64
       Other             |     7 |       ||     7

Table legend: (Time is in decaauts)
 A = Elapsed time spent in this place.
 B = Non-inter-level travel time spent in this place.
 C = Inter-level travel time spent in this place.
 D = Time resting spent in this place.
 E = Time spent auto-exploring this place.
 F = Levels seen in this place.
 G = Mean time per level.
                   A        B        C        D        E       F      G
               +--------+--------+--------+--------+--------+-----+--------+
         Total |   3933 |   3783 |    150 |     31 |   2976 |   5 |  786.6 |
       Dungeon |   3933 |   3783 |    150 |     31 |   2976 |   5 |  786.6 |
               +--------+--------+--------+--------+--------+-----+--------+

Top non-repeatable levels by time:
     D:3: 1082 daAuts
     D:1: 974 daAuts
     D:2: 949 daAuts
     D:4: 725 daAuts
     D:5: 201 daAuts
